 Dungeon Crawl Stone Soup version 0.29.1-4-g47bece8355 (webtiles) character file.

Game seed: 9608266498854279348

255 ChadusMaximus the Trooper (level 5, -10/48 HPs)
             Began as a Minotaur Fighter on Dec 10, 2022.
             Mangled by Pikel
             ... wielding a +0 whip of electrocution
              (12 damage)
             ... on level 4 of the Dungeon.
             The game lasted 00:03:26 (3280 turns).

ChadusMaximus the Trooper (Minotaur Fighter)        Turns: 3280, Time: 00:03:27

Health: -10/48     AC:  9    Str: 23    XL:     5   Next: 91%
Magic:  4/4        EV:  7    Int:  5    God:
Gold:   162        SH:  4    Dex:  9    Spells: 4/4 levels left

rFire   . . .      SeeInvis +   h - +0 broad axe
rCold   . . .      Faith    .   c - +0 buckler
rNeg    . . .      Spirit   .   l - +0 chain mail
rPois   .          Reflect  .   (helmet restricted)
rElec   .          Harm     .   (no cloak)
rCorr   .          Rampage  .   (no gloves)
Will    .....                   (no boots)
Stlth   ..........              (no amulet)
HPRegen 0.16/turn               g - ring of see invisible
MPRegen 0.09/turn               (no ring)

@: no status effects
A: horns 2, retaliatory headbutt
a: no special abilities


You were on level 4 of the Dungeon.
You visited 1 branch of the dungeon, and saw 4 of its levels.

You collected 162 gold pieces.

Inventory:

Hand Weapons
 a - a +0 war axe
 h - a +0 broad axe (weapon)
Armour
 b - a +0 scale mail
 c - a +0 buckler (worn)
 l - a +0 chain mail (worn)
Jewellery
 g - a ring of see invisible (left hand)
 s - an amulet of regeneration
Wands
 m - a wand of roots (5)
Scrolls
 e - 5 scrolls of identify {unknown}
 i - a scroll of silence {unknown}
 j - a scroll of enchant armour {unknown}
 k - a scroll of teleportation {unknown}
 n - a scroll of acquirement {unknown}
 q - a scroll of magic mapping {unknown}
 r - a scroll of fear {unknown}
 t - a scroll of blinking {unknown}
 w - a scroll of butterflies {unknown}
 x - a scroll of vulnerability {unknown}
Potions
 d - a potion of might
 f - a potion of magic {unknown}
 o - 2 potions of lignification {unknown}
 p - a potion of attraction {unknown}
 u - a potion of degeneration {unknown}
 v - a potion of haste {unknown}


   Skills:
 + Level 5.1 Fighting
 + Level 4.2 Axes
 + Level 5.0 Armour
 + Level 5.1 Shields


You had 4 spell levels left.
You didn't know any spells.
Your spell library contained the following spells:

 Spells                   Type           Power      Damage    Failure   Level
 Necrotise                Necr           0%         1d4       99%         1
 Shock                    Conj/Air       0%         1d3       99%         1
 Frozen Ramparts          Ice            0%         1d1       100%        3
 Inner Flame              Hex/Fire       0%         N/A       100%        3
 Swiftness                Air            0%         N/A       100%        3
 Vampiric Draining        Necr           0%         2d6       100%        3
 Airstrike                Air            0%         2d(0-16)  100%        4
 Cause Fear               Hex            0%         N/A       100%        4
 Ice Form                 Ice/Tmut       0%         N/A       100%        4
 Summon Ice Beast         Ice/Summ       0%         N/A       100%        4
 Agony                    Necr           0%         N/A       100%        5
 Discord                  Hex            0%         N/A       100%        8


Dungeon Overview and Level Annotations

Branches:
Dungeon (4/15)
 Temple: D:4-7

Altars:
Ashenzari
Zin
The Shining One

Shops:
D:1 !

Annotations:
D:4 Pikel


Innate Abilities, Weirdness & Mutations

You have a pair of horns on your head.
You reflexively headbutt those who attack you in melee.


Message History

The lemure is moderately wounded.
The lemure barely misses you.
You closely miss the lemure. Your headbutt misses the lemure.
The lemure is moderately wounded.
You block the lemure's attack.
You barely miss the lemure.
The lemure is moderately wounded.
The lemure hits you.
You hit Pikel.
Pikel is lightly wounded.
Pikel hits you with a +0 whip of electrocution.
You completely miss Pikel.
Pikel is lightly wounded.
Pikel hits you with a +0 whip of electrocution.
You block Pikel's attack.
You barely miss Pikel.
Pikel hits you with a +0 whip of electrocution.
You are electrocuted!
You barely miss Pikel.
Pikel hits you with a +0 whip of electrocution.
* * * LOW HITPOINT WARNING * * *
You closely miss Pikel.
Pikel says, "You'll make a fine lemure."
Pikel hits you with a +0 whip of electrocution.
* * * LOW HITPOINT WARNING * * *
Pikel barely misses you.
You hit Pikel but do no damage.
Pikel says, "Hell isn't that bad."
Pikel hits you but does no damage.
You barely miss Pikel. Pikel hits you but does no damage.
Pikel hits you with a +0 whip of electrocution.
* * * LOW HITPOINT WARNING * * *
You miss Pikel.
Pikel hits you with a +0 whip of electrocution.
* * * LOW HITPOINT WARNING * * *
You barely miss Pikel.
Pikel hits you with a +0 whip of electrocution.
* * * LOW HITPOINT WARNING * * *
You are electrocuted!
You die...

... ..# #5#
#5# #5# #5#
#K# #@#
#.### #...#
###.# ##.##
# ##...#
#.##.###..#
..>##.#.##
#.# #.....#
.#


You could see Pikel and 4 lemures.

Vanquished Creatures
  A hound (D:3)
  An iguana (D:4)
  3 orc wizards (D:3)
  A gnoll (D:4)
  4 adders
  10 orcs (D:3)
  6 endoplasms
  2 giant cockroaches
  6 goblins
  5 hobgoblins
  3 jackals (D:2)
  3 quokkas
  11 ball pythons
  8 bats
  2 frilled lizards (D:3)
  4 kobolds
  7 rats
77 creatures vanquished.

Notes
Turn   | Place    | Note
-------+----------+-------------------------------------------
     0 | D:1      | ChadusMaximus the Minotaur Fighter began the quest for the
                  | Orb.
     0 | D:1      | Reached XP level 1. HP: 19/19 MP: 0/0
   248 | D:1      | Reached XP level 2. HP: 27/27 MP: 1/1
   420 | D:1      | Found Wiusurr's Distillery.
   783 | D:2      | Found a glowing golden altar of the Shining One.
   855 | D:2      | Reached XP level 3. HP: 21/33 MP: 2/2
  1547 | D:3      | Reached XP level 4. HP: 40/41 MP: 3/3
  1806 | D:3      | Found a glowing silver altar of Zin.
  1999 | D:3      | Reached XP level 5. HP: 29/47 MP: 4/4
  2522 | D:3      | Found a broken altar of Ashenzari.
  2808 | D:3      | Reached skill level 5 in Fighting
  2808 | D:3      | Reached skill level 5 in Armour
  2808 | D:3      | Reached skill level 5 in Shields
  3265 | D:4      | Noticed a lemure
  3265 | D:4      | Noticed a lemure
  3266 | D:4      | Noticed Pikel
  3266 | D:4      | Noticed a lemure
  3267 | D:4      | Noticed a lemure
  3280 | D:4      | HP: 2/48 [Pikel/+0 whip of electrocution (1)]
  3280 | D:4      | Mangled by Pikel

Illustrated notes

Levels and vault maps discovered:
D:1:      spicycebolla_green_bress_n_ham, layout_loops_ring, serial_shops, shop,
          minmay_box_of_dots
D:2:      layout_basic, basic_altar, kennysheep_potato
D:3:      kennysheep_six_static_rooms, layout_rooms, evilmike_ruin_ashenzari,
          zin_scriptorium
D:4:      kennysheep_spiral_hall, layout_loops_ring, st_stairs_6, uniq_pikel

Skill      XL: |  1  2  3  4  5 |
---------------+----------------+-----
Fighting       | 4 5 |  5.1
Armour         | 4 5 |  5.0
Axes           | 3 4 |  4.2
Shields        | 4 5 |  5.1

Action                   |  1- 3 |  4- 6 || total
-------------------------+-------+-------++-------
Melee: War axe           |    32 |       ||    32
       Headbutt          |     8 |    11 ||    19
       Broad axe         |    46 |    88 ||   134
Armor: Scale mail        |    36 |       ||    36
       Chain mail        |     3 |    58 ||    61
Dodge: Dodged            |    39 |    52 ||    91
Block: Buckler           |    17 |    28 ||    45
